Demolitions vs Knights
Created - 30 novembre 2014 at 19:15
Goals
|
Demolitions |
4 |
1 |
1 |
6 |
Knights |
2 |
2 |
0 |
4 |
|
Shots
|
Demolitions |
13 |
11 |
4 |
28 |
Knights |
15 |
9 |
3 |
27 |
|
1st period
1. Demolitions , T.J. Hensick 21 (Brad Richardson, Bobby Butler) at 2:18 (PP)
2. Demolitions , Brad Richardson 16 (T.J. Hensick) at 7:37
3. Demolitions , Brad Richardson 17 (T.J. Hensick, Bobby Butler) at 8:40
4. Demolitions , Brandon Dubinsky 23 (Kyle Cumiskey) at 8:48
5. Knights , Cody Almond 1 (Danny Irmen, Zack Hamill) at 15:36 (SH)
6. Knights , Zack Hamill 15 (Chris Thorburn) at 16:47 (PP)
Penalties :
A.J. Jenks (Lon) for Goalie Interference (Minor) at 2:06, Garnet Exelby (Lon) for Tripping (Minor) at 14:07, Corban Knight (Vic) for Holding (Minor) at 16:39, Kyle Greentree (Lon) for Boarding (Minor) at 17:15
2nd period
7. Knights , Zack Hamill 16 (Chris Thorburn, Nikita Nikitin) at 11:53
8. Knights , Chris Thorburn 22 (Zack Hamill) at 12:44
9. Demolitions , Darren Helm 5 (Peter Harrold, Jordan LaVallee) at 15:30
Penalties :
Danny Irmen (Lon) for Hooking (Minor) at 2:42, Garnet Exelby (Lon) for Hooking (Minor) at 13:26
3rd period
10. Demolitions , Jordan LaVallee 12 (Andy Rogers, Kyle Cumiskey) at 4:47
Penalties :
Brandon Dubinsky (Vic) for Hooking (Minor) at 12:45
Goalie Stats
Chad Johnson (Vic), 23 saves from 27 shots - (0,852), W, 10-2-3, 60:00 minutes
Dany Sabourin (Lon), 4 saves from 8 shots - (0,500), 8:48 minutes
Peter Delmas (Lon), 18 saves from 20 shots - (0,900), L, 0-1-0, 51:12 minutes
Players Stats for Demolitions
Player Name G A P +/- PIM S H SB GA TA FO MP PP MP PK MP
------------------------------------------------------------------------------------
Alex Hutchings 0 0 0 0 0 0 1 0 0 0 0/0 9:45 0:00 0:50
Andy Rogers 0 1 1 2 0 3 0 4 1 1 0/0 26:17 4:46 1:08
Anssi Salmela 0 0 0 1 0 0 1 1 0 0 0/0 13:42 0:00 0:19
Anthony Stewart 0 0 0 0 0 0 2 0 1 1 1/2 21:25 4:07 1:06
Anton Babchuk 0 0 0 -1 0 1 3 1 0 2 0/0 20:18 3:22 0:57
Bobby Butler 0 2 2 0 0 0 4 1 0 1 1/1 18:06 3:49 0:00
Brad Richardson 2 1 3 0 0 4 1 1 0 0 0/1 18:06 3:49 0:00
Brandon Dubinsky 1 0 1 0 2 4 2 1 1 0 15/27 20:11 4:07 0:08
Corban Knight 0 0 0 0 2 1 1 0 0 0 0/1 9:39 0:00 0:54
Daniel Paille 0 0 0 0 0 3 2 1 1 0 1/1 20:14 4:07 0:11
Darren Helm 1 0 1 2 0 1 2 0 0 0 1/2 11:20 0:12 0:20
Jordan LaVallee 1 1 2 2 0 2 1 1 1 0 0/1 10:48 0:12 0:00
Karl Alzner 0 0 0 -1 0 1 2 0 2 1 0/0 20:18 3:22 0:57
Konstantin Pushkarev 0 0 0 2 0 1 2 0 0 0 0/1 11:43 0:12 0:45
Kyle Cumiskey 0 2 2 2 0 3 2 0 1 1 0/0 26:03 4:46 0:53
Peter Harrold 0 1 1 1 0 1 2 0 0 1 0/0 13:22 0:00 0:00
Spencer Machacek 0 0 0 0 0 0 0 0 0 0 0/0 8:28 0:00 0:00
T.J. Hensick 1 2 3 0 0 3 0 0 1 1 8/12 18:06 3:49 0:00
Players Stats for Knights
Player Name G A P +/- PIM S H SB GA TA FO MP PP MP PK MP
------------------------------------------------------------------------------------
A.J. Jenks 0 0 0 -2 2 2 2 0 0 0 0/1 14:50 0:56 0:10
Aaron Palushaj 0 0 0 0 0 0 0 0 0 0 0/0 9:21 0:00 0:00
Alex Chiasson 0 0 0 -2 0 0 1 0 0 0 0/0 15:00 0:46 0:00
Andreas Thuresson 0 0 0 0 0 0 0 0 0 0 0/0 7:04 0:00 0:00
Chris Thorburn 1 2 3 1 0 4 2 2 3 1 1/6 24:20 0:58 3:51
Cody Almond 1 0 1 0 0 2 1 0 0 0 1/3 11:17 0:00 2:18
Colton Gillies 0 0 0 1 0 0 8 0 0 0 0/0 16:32 0:03 2:13
Danny Irmen 0 1 1 -3 2 4 1 0 1 0 5/8 16:35 0:56 1:43
David Shields 0 0 0 1 0 0 0 0 0 0 0/0 0:08 0:00 0:08
Eric Gelinas 0 0 0 0 0 0 0 0 0 0 0/0 6:54 0:00 0:59
Garnet Exelby 0 0 0 -4 4 1 1 1 1 0 0/0 21:48 1:08 2:23
James Wright 0 0 0 0 0 1 0 0 1 0 3/5 14:17 0:23 0:00
Justin Jokinen 0 0 0 0 0 0 0 0 0 0 0/0 0:00 0:00 0:00
Kyle Greentree 0 0 0 0 2 1 0 2 0 0 1/4 20:41 1:08 2:56
Marco Scandella 0 0 0 -1 0 1 0 0 0 0 0/0 12:57 0:00 2:01
Michael Stone 0 0 0 0 0 0 0 0 0 0 0/0 0:00 0:00 0:00
Nicklas Grossman 0 0 0 2 0 0 1 0 0 2 0/0 18:35 0:59 2:45
Nikita Nikitin 0 1 1 2 0 4 0 1 1 2 0/0 18:35 0:59 2:45
Patrick Wiercioch 0 0 0 0 0 0 0 0 0 0 0/0 0:00 0:00 0:00
Philip Varone 0 0 0 0 0 0 0 0 0 0 0/0 2:18 0:03 0:26
Ryan Button 0 0 0 0 0 0 0 0 0 0 0/0 0:00 0:00 0:00
Scott Lehman 0 0 0 -1 0 0 0 0 0 1 0/0 10:26 0:00 0:00
Tomas Kundratek 0 0 0 0 0 0 0 1 0 1 0/0 5:50 0:00 0:00
Zack Hamill 2 2 4 -1 0 4 0 2 0 0 11/22 19:18 1:08 2:39
Zbynek Michalek 0 0 0 -4 0 3 2 3 2 2 0/0 25:01 1:08 5:15
3 Stars
1 - Zack Hamill (Lon)
2 - Brad Richardson (Vic)
3 - Chris Thorburn (Lon)
Power Play
Demolitions - 1 on 5 Attempt(s) - 20,00%
Knights - 1 on 2 Attempt(s) - 50,00%
Penalty Kill
Demolitions - 1 on 2 Attempt(s) - 50,00%
- Score 0 goal in Penalty Kill
Knights - 4 on 5 Attempt(s) - 80,00%
- Score 1 goal in Penalty Kill
Official
Referees : Devorski Paul and O'Rourke Dan
Linesman : Thor Nelson and Don Henderson
Game Notes
8:40 of 1st period - Demolitions goal is going for a video replay. After video review, Goal.
Peter Delmas enters game at 8:48 of 1st period
Aaron Palushaj is injured at 2:27 of 3rd period (Left Leg)
Finance
Level 1 -- Attendance: 1517 (75,85%) -- Ticket Income 53 095 $
Level 2 -- Attendance: 817 (81,70%) -- Ticket Income 16 340 $
Total Attendance: 2334 (77,80%)
Total Ticket Income: 69 435 $
Other Income: 3 472 $
Total Income: 72 907 $
Demolitions
5 vs 5 Forward
Center Left Wing Right Wing Time % Phy DF OF
1 Brandon Dubinsky Daniel Paille Anthony Stewart 45 0 2 3
2 T.J. Hensick Bobby Butler Brad Richardson 39 0 2 3
3 Darren Helm Jordan LaVallee Konstantin Pushkarev 15 0 2 3
4 Corban Knight Alex Hutchings Spencer Machacek 1 0 3 2
5 vs 5 Defense
Defense Defense Time % Phy DF OF
1 Andy Rogers Kyle Cumiskey 40 0 2 3
2 Anton Babchuk Karl Alzner 30 0 2 3
3 Peter Harrold Anssi Salmela 20 0 3 2
4 Andy Rogers Kyle Cumiskey 10 0 2 3
PowerPlay Forward
Center Left Wing Right Wing Time % Phy DF OF
1 Brandon Dubinsky Daniel Paille Anthony Stewart 60 0 1 4
2 T.J. Hensick Bobby Butler Brad Richardson 40 0 1 4
PowerPlay Defense
Defense Defense Time % Phy DF OF
1 Andy Rogers Kyle Cumiskey 60 0 2 3
2 Anton Babchuk Karl Alzner 40 0 2 3
Penalty Kill 4 Players Forward
Center Wing Time % Phy DF OF
1 Brandon Dubinsky Anthony Stewart 60 1 2 2
2 Brad Richardson T.J. Hensick 40 1 2 2
Penalty Kill 4 Players Defense
Defense Defense Time % Phy DF OF
1 Andy Rogers Kyle Cumiskey 60 1 2 2
2 Anton Babchuk Karl Alzner 40 1 2 2
Penalty Kill - 3 Players Forward
Forward Time % Phy DF OF
1 Brandon Dubinsky 60 1 2 2
2 Anthony Stewart 40 1 2 2
Penalty Kill - 3 Players Defense
Defense Defense Time % Phy DF OF
1 Andy Rogers Kyle Cumiskey 60 1 2 2
2 Anton Babchuk Karl Alzner 40 1 2 2
4 vs 4 Forward
Center Wing Time % Phy DF OF
1 Brandon Dubinsky Anthony Stewart 60 1 2 2
2 Brad Richardson T.J. Hensick 40 1 2 2
4 vs 4 Defense
Defense Defense Time % Phy DF OF
1 Andy Rogers Kyle Cumiskey 60 1 2 2
2 Anton Babchuk Karl Alzner 40 1 2 2
Last Minutes Offensive
Center Left Wing Right Wing Defense Defense
Brandon Dubinsky Daniel Paille Anthony Stewart Andy Rogers Kyle Cumiskey
Last Minutes Defensive
Center Left Wing Right Wing Defense Defense
Brandon Dubinsky Daniel Paille Anthony Stewart Andy Rogers Kyle Cumiskey
Goaltenders
Starting : Chad Johnson
Backup : Brent Krahn
Extra Forwards
Normal : Darren Helm, Jordan LaVallee, Konstantin Pushkarev - PP : Darren Helm, Jordan LaVallee - PK : Konstantin Pushkarev
Extra Defensemen
Normal : Peter Harrold, Anssi Salmela, Anton Babchuk - PP : Peter Harrold - PK : Anssi Salmela, Anton Babchuk
Penalty Shots
Brandon Dubinsky, Anthony Stewart, Brad Richardson, T.J. Hensick, Daniel Paille
Knights
5 vs 5 Forward
Center Left Wing Right Wing Time % Phy DF OF
1 Zack Hamill Kyle Greentree Chris Thorburn 40 1 2 2
2 Danny Irmen A.J. Jenks Alex Chiasson 30 1 2 2
3 James Wright Colton Gillies Aaron Palushaj 20 1 2 2
4 Cody Almond Chris Thorburn Andreas Thuresson 10 1 2 2
5 vs 5 Defense
Defense Defense Time % Phy DF OF
1 Zbynek Michalek Garnet Exelby 40 1 2 2
2 Nikita Nikitin Nicklas Grossman 30 1 2 2
3 Scott Lehman Marco Scandella 20 1 2 2
4 Eric Gelinas Tomas Kundratek 10 1 2 2
PowerPlay Forward
Center Left Wing Right Wing Time % Phy DF OF
1 Zack Hamill Kyle Greentree Chris Thorburn 60 1 2 2
2 Danny Irmen A.J. Jenks Alex Chiasson 40 1 2 2
PowerPlay Defense
Defense Defense Time % Phy DF OF
1 Zbynek Michalek Garnet Exelby 60 1 2 2
2 Nikita Nikitin Nicklas Grossman 40 1 2 2
Penalty Kill 4 Players Forward
Center Wing Time % Phy DF OF
1 Chris Thorburn Kyle Greentree 60 1 2 2
2 Zack Hamill Danny Irmen 40 1 2 2
Penalty Kill 4 Players Defense
Defense Defense Time % Phy DF OF
1 Zbynek Michalek Garnet Exelby 60 1 2 2
2 Nikita Nikitin Nicklas Grossman 40 1 2 2
Penalty Kill - 3 Players Forward
Forward Time % Phy DF OF
1 Chris Thorburn 60 1 2 2
2 Kyle Greentree 40 1 2 2
Penalty Kill - 3 Players Defense
Defense Defense Time % Phy DF OF
1 Zbynek Michalek Garnet Exelby 60 1 2 2
2 Nikita Nikitin Nicklas Grossman 40 1 2 2
4 vs 4 Forward
Center Wing Time % Phy DF OF
1 Chris Thorburn Kyle Greentree 60 1 2 2
2 Zack Hamill Danny Irmen 40 1 2 2
4 vs 4 Defense
Defense Defense Time % Phy DF OF
1 Zbynek Michalek Garnet Exelby 60 1 2 2
2 Nikita Nikitin Nicklas Grossman 40 1 2 2
Last Minutes Offensive
Center Left Wing Right Wing Defense Defense
Zack Hamill Kyle Greentree Chris Thorburn Zbynek Michalek Garnet Exelby
Last Minutes Defensive
Center Left Wing Right Wing Defense Defense
Zack Hamill Kyle Greentree Chris Thorburn Zbynek Michalek Garnet Exelby
Goaltenders
Starting : Dany Sabourin
Backup : Peter Delmas
Extra Forwards
Normal : James Wright, Colton Gillies, Cody Almond - PP : James Wright, Colton Gillies - PK : Cody Almond
Extra Defensemen
Normal : Scott Lehman, Marco Scandella, Eric Gelinas - PP : Scott Lehman - PK : Marco Scandella, Eric Gelinas
Penalty Shots
Chris Thorburn, Kyle Greentree, Zack Hamill, Danny Irmen, James Wright
% Time on Ice - Demolitions
Lines # - Real PCT - Wanted PCT - Time Play
Normal Forward
1 - 33% - 45% - 16:20
2 - 31% - 39% - 15:14
3 - 20% - 15% - 9:43
4 - 17% - 1% - 8:28
Normal Defense
1 - 36% - 40% - 17:53
2 - 32% - 30% - 15:59
3 - 27% - 20% - 13:22
4 - 5% - 10% - 2:31
PP Forward
1 - 53% - 60% - 4:19
2 - 47% - 40% - 3:49
PP Defense
1 - 59% - 60% - 4:46
2 - 41% - 40% - 3:22
PK Forward
1 - 100% - 60% - 2:07
2 - 0% - 40% - 0:00
PK Defense
1 - 55% - 60% - 1:10
2 - 45% - 40% - 0:57
PK3 Forward
1 - 0% - 60%
2 - 0% - 40%
PK3 Defense
1 - 0% - 60%
2 - 0% - 40%
44 Forward
1 - 0% - 60%
2 - 0% - 40%
44 Defense
1 - 0% - 60%
2 - 0% - 40%
Last Minute Offensive - 0:00
Last Minute Defensive - 0:00
Total
Forward - 60:00
Defense - 60:00
|
% Time on Ice - Knights
Lines # - Real PCT - Wanted PCT - Time Play
Normal Forward
1 - 32% - 40% - 15:46
2 - 32% - 30% - 16:04
3 - 26% - 20% - 12:42
4 - 10% - 10% - 5:13
Normal Defense
1 - 37% - 40% - 18:38
2 - 30% - 30% - 14:51
3 - 21% - 20% - 10:26
4 - 12% - 10% - 5:50
PP Forward
1 - 56% - 60% - 1:11
2 - 44% - 40% - 0:56
PP Defense
1 - 54% - 60% - 1:08
2 - 46% - 40% - 0:59
PK Forward
1 - 67% - 60% - 5:29
2 - 33% - 40% - 2:39
PK Defense
1 - 66% - 60% - 5:23
2 - 34% - 40% - 2:45
PK3 Forward
1 - 0% - 60%
2 - 0% - 40%
PK3 Defense
1 - 0% - 60%
2 - 0% - 40%
44 Forward
1 - 0% - 60%
2 - 0% - 40%
44 Defense
1 - 0% - 60%
2 - 0% - 40%
Last Minute Offensive - 0:00
Last Minute Defensive - 0:00
Total
Forward - 60:00
Defense - 60:00
|
Play by Play
1st period
0:01 of 1st period - Brandon Dubinsky wins face-off versus Zack Hamill in neutral zone.
0:07 of 1st period - Off-side.
0:08 of 1st period - Brandon Dubinsky wins face-off versus Zack Hamill in neutral zone.
0:23 of 1st period - Andy Rogers is hit by Chris Thorburn and loses puck.
1:08 of 1st period - Snap shot by Daniel Paille.
1:08 of 1st period - Shot Misses the Net.
1:44 of 1st period - Snap shot by Brandon Dubinsky.
1:44 of 1st period - Stopped by Dany Sabourin without a rebound.
1:45 of 1st period - Danny Irmen wins face-off versus T.J. Hensick in Knights zone.
2:00 of 1st period - Snap shot by T.J. Hensick.
2:00 of 1st period - Shot Misses the Net.
2:06 of 1st period - Minor Penalty to A.J. Jenks for Goalie Interference.
2:07 of 1st period - T.J. Hensick wins face-off versus Cody Almond in Knights zone.
2:18 of 1st period - Snap shot by T.J. Hensick.
2:18 of 1st period - Goal by T.J. Hensick - Demolitions : 1 - Knights : 0.
2:19 of 1st period - T.J. Hensick wins face-off versus James Wright in neutral zone.
2:35 of 1st period - Peter Harrold is hit by Colton Gillies and loses puck.
2:57 of 1st period - Nikita Nikitin is hit by Peter Harrold and loses puck.
3:58 of 1st period - Slapshot by Brad Richardson.
3:58 of 1st period - Shot Blocked by Tomas Kundratek.
4:00 of 1st period - Snap shot by T.J. Hensick.
4:00 of 1st period - Shot Misses the Net.
4:21 of 1st period - Icing by Anton Babchuk.
4:22 of 1st period - James Wright wins face-off versus Darren Helm in Demolitions zone.
4:23 of 1st period - Slapshot by Scott Lehman.
4:23 of 1st period - Shot Misses the Net.
4:53 of 1st period - Snap shot by T.J. Hensick.
4:53 of 1st period - Stopped by Dany Sabourin with a rebound.
4:55 of 1st period - Wrist shot by Brad Richardson.
4:55 of 1st period - Shot Misses the Net.
5:29 of 1st period - Slapshot by Spencer Machacek.
5:29 of 1st period - Shot Misses the Net.
5:31 of 1st period - Slapshot by Kyle Cumiskey.
5:31 of 1st period - Shot Misses the Net.
5:57 of 1st period - Garnet Exelby is hit by Anssi Salmela.
6:15 of 1st period - Snap shot by Alex Chiasson.
6:15 of 1st period - Shot Misses the Net.
7:35 of 1st period - Snap shot by Brad Richardson.
7:35 of 1st period - Stopped by Dany Sabourin without a rebound.
7:36 of 1st period - T.J. Hensick wins face-off versus Zack Hamill in Knights zone.
7:37 of 1st period - Snap shot by Brad Richardson.
7:37 of 1st period - Deflect By Kyle Greentree.
7:37 of 1st period - Goal by Brad Richardson - Demolitions : 2 - Knights : 0.
7:38 of 1st period - Bobby Butler wins face-off versus Zack Hamill in neutral zone.
7:45 of 1st period - Snap shot by Brad Richardson.
7:45 of 1st period - Stopped by Dany Sabourin without a rebound.
7:46 of 1st period - T.J. Hensick wins face-off versus Zack Hamill in Knights zone.
8:25 of 1st period - Wrist shot by Chris Thorburn.
8:25 of 1st period - Shot Blocked by Bobby Butler.
8:28 of 1st period - Icing by Andy Rogers.
8:29 of 1st period - T.J. Hensick wins face-off versus Danny Irmen in Demolitions zone.
8:38 of 1st period - Snap shot by T.J. Hensick.
8:38 of 1st period - Shot Misses the Net.
8:40 of 1st period - Wrist shot by Brad Richardson.
8:40 of 1st period - Demolitions goal is going for a video replay.
8:40 of 1st period - The goal is good.
8:40 of 1st period - Goal by Brad Richardson - Demolitions : 3 - Knights : 0.
8:41 of 1st period - Danny Irmen wins face-off versus Brandon Dubinsky in neutral zone.
8:48 of 1st period - Snap shot by Brandon Dubinsky.
8:48 of 1st period - Goal by Brandon Dubinsky - Demolitions : 4 - Knights : 0.
8:48 of 1st period - Peter Delmas enters game.
8:49 of 1st period - Danny Irmen wins face-off versus Anthony Stewart in neutral zone.
8:54 of 1st period - Snap shot by A.J. Jenks.
8:54 of 1st period - Stopped by Chad Johnson with a rebound.
9:02 of 1st period - Snap shot by Danny Irmen.
9:02 of 1st period - Stopped by Chad Johnson without a rebound.
9:03 of 1st period - Zack Hamill wins face-off versus Brandon Dubinsky in Demolitions zone.
9:06 of 1st period - Wrist shot by Chris Thorburn.
9:06 of 1st period - Shot Misses the Net.
9:08 of 1st period - Slapshot by Nikita Nikitin.
9:08 of 1st period - Shot Misses the Net.
9:10 of 1st period - Slapshot by Nikita Nikitin.
9:10 of 1st period - Stopped by Chad Johnson without a rebound.
9:11 of 1st period - Zack Hamill wins face-off versus Brandon Dubinsky in Demolitions zone.
9:14 of 1st period - Wrist shot by Chris Thorburn.
9:14 of 1st period - Shot Misses the Net.
9:16 of 1st period - Slapshot by Nikita Nikitin.
9:16 of 1st period - Shot Blocked by Andy Rogers.
9:20 of 1st period - Wrist shot by Chris Thorburn.
9:20 of 1st period - Shot Misses the Net.
9:22 of 1st period - Snap shot by Chris Thorburn.
9:22 of 1st period - Stopped by Chad Johnson without a rebound.
9:23 of 1st period - Danny Irmen wins face-off versus Brandon Dubinsky in Demolitions zone.
9:28 of 1st period - Snap shot by Danny Irmen.
9:28 of 1st period - Shot Misses the Net.
9:36 of 1st period - Slapshot by Brandon Dubinsky.
9:36 of 1st period - Stopped by Peter Delmas with a rebound.
9:38 of 1st period - Snap shot by Daniel Paille.
9:38 of 1st period - Shot Misses the Net.
9:50 of 1st period - T.J. Hensick is hit by Colton Gillies.
11:06 of 1st period - Snap shot by Konstantin Pushkarev.
11:06 of 1st period - Stopped by Peter Delmas with a rebound.
11:08 of 1st period - Wrist shot by Peter Harrold.
11:08 of 1st period - Stopped by Peter Delmas with a rebound.
11:28 of 1st period - Snap shot by Kyle Greentree.
11:28 of 1st period - Stopped by Chad Johnson without a rebound.
11:29 of 1st period - Brandon Dubinsky wins face-off versus Zack Hamill in Demolitions zone.
12:14 of 1st period - Garnet Exelby is hit by Anton Babchuk and loses puck.
12:21 of 1st period - James Wright is hit by Karl Alzner and loses puck.
12:33 of 1st period - Icing by Marco Scandella.
12:34 of 1st period - James Wright wins face-off versus Brandon Dubinsky in Knights zone.
13:10 of 1st period - Wrist shot by Brad Richardson.
13:10 of 1st period - Shot Blocked by Nikita Nikitin.
13:20 of 1st period - Karl Alzner is hit by Colton Gillies and loses puck.
13:27 of 1st period - Nicklas Grossman is hit by Peter Harrold and loses puck.
13:42 of 1st period - Snap shot by Chris Thorburn.
13:42 of 1st period - Shot Blocked by Anssi Salmela.
13:44 of 1st period - Slapshot by Cody Almond.
13:44 of 1st period - Stopped by Chad Johnson without a rebound.
13:45 of 1st period - Brandon Dubinsky wins face-off versus Cody Almond in Demolitions zone.
13:45 of 1st period - Brandon Dubinsky is hit by Garnet Exelby.
13:55 of 1st period - Slapshot by Anthony Stewart.
13:55 of 1st period - Shot Misses the Net.
13:57 of 1st period - Wrist shot by Anthony Stewart.
13:57 of 1st period - Shot Blocked by Garnet Exelby.
13:59 of 1st period - Slapshot by Karl Alzner.
13:59 of 1st period - Stopped by Peter Delmas with a rebound.
14:01 of 1st period - Snap shot by Daniel Paille.
14:01 of 1st period - Shot Blocked by Chris Thorburn.
14:07 of 1st period - Minor Penalty to Garnet Exelby for Tripping.
14:08 of 1st period - Anthony Stewart wins face-off versus Chris Thorburn in Knights zone.
14:57 of 1st period - Danny Irmen is hit by Anton Babchuk and loses puck.
15:08 of 1st period - Slapshot by Nikita Nikitin.
15:08 of 1st period - Stopped by Chad Johnson with a rebound.
15:32 of 1st period - Snap shot by Danny Irmen.
15:32 of 1st period - Stopped by Chad Johnson with a rebound.
15:34 of 1st period - Wrist shot by Cody Almond.
15:34 of 1st period - Shot Misses the Net.
15:36 of 1st period - Snap shot by Cody Almond.
15:36 of 1st period - Goal by Cody Almond - Demolitions : 4 - Knights : 1.
15:37 of 1st period - Brandon Dubinsky wins face-off versus Chris Thorburn in neutral zone.
15:40 of 1st period - Slapshot by Andy Rogers.
15:40 of 1st period - Stopped by Peter Delmas with a rebound.
15:42 of 1st period - Wrist shot by Daniel Paille.
15:42 of 1st period - Shot Blocked by Zbynek Michalek.
15:44 of 1st period - Backhand shot by Anthony Stewart.
15:44 of 1st period - Shot Misses the Net.
16:07 of 1st period - Penalty to Garnet Exelby is over, Garnet Exelby is back on ice.
16:39 of 1st period - Minor Penalty to Corban Knight for Holding.
16:40 of 1st period - Zack Hamill wins face-off versus Brandon Dubinsky in Demolitions zone.
16:47 of 1st period - Wrist shot by Zack Hamill.
16:47 of 1st period - Goal by Zack Hamill - Demolitions : 4 - Knights : 2.
16:48 of 1st period - Zack Hamill wins face-off versus Brandon Dubinsky in neutral zone.
16:53 of 1st period - Snap shot by Chris Thorburn.
16:53 of 1st period - Deflect By Zack Hamill.
16:53 of 1st period - Shot Misses the Net.
16:53 of 1st period - Puck is out of play.
16:54 of 1st period - Zack Hamill wins face-off versus Brandon Dubinsky in Demolitions zone.
17:03 of 1st period - Snap shot by Zack Hamill.
17:03 of 1st period - Stopped by Chad Johnson without a rebound.
17:04 of 1st period - Daniel Paille wins face-off versus Zack Hamill in Demolitions zone.
17:13 of 1st period - Slapshot by Kyle Cumiskey.
17:13 of 1st period - Shot Blocked by Zbynek Michalek.
17:15 of 1st period - Minor Penalty to Kyle Greentree for Boarding.
17:16 of 1st period - Chris Thorburn wins face-off versus Brandon Dubinsky in Knights zone.
17:21 of 1st period - Slapshot by Garnet Exelby.
17:21 of 1st period - Deflect By Chris Thorburn.
17:21 of 1st period - Stopped by Chad Johnson with a rebound.
18:00 of 1st period - Snap shot by Zack Hamill.
18:00 of 1st period - Shot Blocked by Brad Richardson.
18:02 of 1st period - Slapshot by Zbynek Michalek.
18:02 of 1st period - Stopped by Chad Johnson with a rebound.
18:04 of 1st period - Slapshot by Zbynek Michalek.
18:04 of 1st period - Stopped by Chad Johnson with a rebound.
18:06 of 1st period - Wrist shot by Danny Irmen.
18:06 of 1st period - Shot Hit the Post.
18:20 of 1st period - Karl Alzner is hit by Cody Almond and loses puck.
19:15 of 1st period - Penalty to Kyle Greentree is over, Kyle Greentree is back on ice.
19:22 of 1st period - Slapshot by Alex Chiasson.
19:22 of 1st period - Shot Blocked by Anton Babchuk.
19:24 of 1st period - Snap shot by A.J. Jenks.
19:24 of 1st period - Stopped by Chad Johnson with a rebound.
19:46 of 1st period - Snap shot by Anton Babchuk.
19:46 of 1st period - Shot Blocked by Kyle Greentree.
Goals for this period are 4 for Demolitions vs 2 for Knights.
Shots for this period are 13 for Demolitions vs 15 for Knights.
2nd period
0:01 of 2nd period - T.J. Hensick wins face-off versus Chris Thorburn in neutral zone.
0:03 of 2nd period - Off-side.
0:04 of 2nd period - Kyle Greentree wins face-off versus T.J. Hensick in neutral zone.
0:29 of 2nd period - Brandon Dubinsky is hit by A.J. Jenks and loses puck.
1:51 of 2nd period - Snap shot by Danny Irmen.
1:51 of 2nd period - Stopped by Chad Johnson with a rebound.
1:53 of 2nd period - Wrist shot by Alex Chiasson.
1:53 of 2nd period - Shot Misses the Net.
1:55 of 2nd period - Snap shot by Marco Scandella.
1:55 of 2nd period - Stopped by Chad Johnson without a rebound.
1:56 of 2nd period - Brandon Dubinsky wins face-off versus James Wright in Demolitions zone.
2:14 of 2nd period - Slapshot by Brandon Dubinsky.
2:14 of 2nd period - Stopped by Peter Delmas without a rebound.
2:15 of 2nd period - Zack Hamill wins face-off versus T.J. Hensick in Knights zone.
2:42 of 2nd period - Minor Penalty to Danny Irmen for Hooking.
2:43 of 2nd period - Brandon Dubinsky wins face-off versus Chris Thorburn in Knights zone.
2:44 of 2nd period - Wrist shot by Daniel Paille.
2:44 of 2nd period - Shot Misses the Net.
4:42 of 2nd period - Penalty to Danny Irmen is over, Danny Irmen is back on ice.
4:48 of 2nd period - Brad Richardson is hit by A.J. Jenks.
7:08 of 2nd period - Nicklas Grossman is hit by Daniel Paille and loses puck.
7:17 of 2nd period - Nikita Nikitin is hit by Kyle Cumiskey and loses puck.
7:43 of 2nd period - Snap shot by Zack Hamill.
7:43 of 2nd period - Shot Misses the Net.
7:45 of 2nd period - Snap shot by James Wright.
7:45 of 2nd period - Shot Misses the Net.
7:47 of 2nd period - Wrist shot by Aaron Palushaj.
7:47 of 2nd period - Shot Misses the Net.
7:59 of 2nd period - Kyle Greentree is hit by Darren Helm and loses puck.
8:16 of 2nd period - Slapshot by Anton Babchuk.
8:16 of 2nd period - Stopped by Peter Delmas with a rebound.
8:54 of 2nd period - Alex Chiasson is hit by Anthony Stewart and loses puck.
10:18 of 2nd period - Icing by Anton Babchuk.
10:19 of 2nd period - Darren Helm wins face-off versus Danny Irmen in Demolitions zone.
10:36 of 2nd period - Aaron Palushaj is hit by Anthony Stewart and loses puck.
10:43 of 2nd period - Zbynek Michalek is hit by Brandon Dubinsky and loses puck.
11:27 of 2nd period - Wrist shot by Spencer Machacek.
11:27 of 2nd period - Deflect By Corban Knight.
11:27 of 2nd period - Stopped by Peter Delmas with a rebound.
11:29 of 2nd period - Slapshot by Kyle Cumiskey.
11:29 of 2nd period - Stopped by Peter Delmas without a rebound.
11:30 of 2nd period - Brandon Dubinsky wins face-off versus Danny Irmen in Knights zone.
11:39 of 2nd period - Slapshot by Brandon Dubinsky.
11:39 of 2nd period - Shot Misses the Net.
11:41 of 2nd period - Slapshot by Daniel Paille.
11:41 of 2nd period - Stopped by Peter Delmas without a rebound.
11:42 of 2nd period - Brandon Dubinsky wins face-off versus Zack Hamill in Knights zone.
11:49 of 2nd period - Wrist shot by Chris Thorburn.
11:49 of 2nd period - Shot Blocked by Daniel Paille.
11:51 of 2nd period - Snap shot by Chris Thorburn.
11:51 of 2nd period - Shot Misses the Net.
11:53 of 2nd period - Slapshot by Zack Hamill.
11:53 of 2nd period - Goal by Zack Hamill - Demolitions : 4 - Knights : 3.
11:54 of 2nd period - Brandon Dubinsky wins face-off versus Zack Hamill in neutral zone.
12:19 of 2nd period - Brandon Dubinsky is hit by Colton Gillies and loses puck.
12:24 of 2nd period - Backhand shot by Nikita Nikitin.
12:24 of 2nd period - Shot Blocked by Andy Rogers.
12:30 of 2nd period - Wrist shot by Nikita Nikitin.
12:30 of 2nd period - Stopped by Chad Johnson with a rebound.
12:32 of 2nd period - Wrist shot by James Wright.
12:32 of 2nd period - Deflect By Aaron Palushaj.
12:32 of 2nd period - Shot Blocked by Andy Rogers.
12:32 of 2nd period - Puck is out of play.
12:33 of 2nd period - Zack Hamill wins face-off versus T.J. Hensick in Demolitions zone.
12:42 of 2nd period - Snap shot by Chris Thorburn.
12:42 of 2nd period - Stopped by Chad Johnson with a rebound.
12:44 of 2nd period - Snap shot by Chris Thorburn.
12:44 of 2nd period - Goal by Chris Thorburn - Demolitions : 4 - Knights : 4.
12:45 of 2nd period - Zack Hamill wins face-off versus Brad Richardson in neutral zone.
12:52 of 2nd period - Wrist shot by Kyle Cumiskey.
12:52 of 2nd period - Stopped by Peter Delmas without a rebound.
12:53 of 2nd period - T.J. Hensick wins face-off versus Kyle Greentree in Knights zone.
13:24 of 2nd period - Snap shot by Darren Helm.
13:24 of 2nd period - Shot Hit the Post.
13:26 of 2nd period - Minor Penalty to Garnet Exelby for Hooking.
13:27 of 2nd period - Brandon Dubinsky wins face-off versus Chris Thorburn in Knights zone.
13:52 of 2nd period - Marco Scandella is hit by Bobby Butler.
14:57 of 2nd period - Brandon Dubinsky is hit by Colton Gillies and loses puck.
15:26 of 2nd period - Penalty to Garnet Exelby is over, Garnet Exelby is back on ice.
15:28 of 2nd period - Slapshot by Peter Harrold.
15:28 of 2nd period - Shot Blocked by Zack Hamill.
15:30 of 2nd period - Wrist shot by Darren Helm.
15:30 of 2nd period - Goal by Darren Helm - Demolitions : 5 - Knights : 4.
15:31 of 2nd period - T.J. Hensick wins face-off versus Kyle Greentree in neutral zone.
15:34 of 2nd period - Nicklas Grossman is hit by Bobby Butler and loses puck.
15:41 of 2nd period - Slapshot by Brad Richardson.
15:41 of 2nd period - Shot Misses the Net.
15:57 of 2nd period - Alex Chiasson is hit by Kyle Cumiskey.
16:01 of 2nd period - Snap shot by Daniel Paille.
16:01 of 2nd period - Stopped by Peter Delmas without a rebound.
16:02 of 2nd period - Danny Irmen wins face-off versus Brandon Dubinsky in Knights zone.
16:08 of 2nd period - Off-side.
16:09 of 2nd period - Brandon Dubinsky wins face-off versus A.J. Jenks in neutral zone.
16:24 of 2nd period - Slapshot by Danny Irmen.
16:24 of 2nd period - Stopped by Chad Johnson with a rebound.
16:44 of 2nd period - Slapshot by Zbynek Michalek.
16:44 of 2nd period - Deflect By Andy Rogers.
16:44 of 2nd period - Stopped by Chad Johnson with a rebound.
16:46 of 2nd period - Snap shot by Colton Gillies.
16:46 of 2nd period - Shot Misses the Net.
16:58 of 2nd period - Snap shot by T.J. Hensick.
16:58 of 2nd period - Stopped by Peter Delmas with a rebound.
17:00 of 2nd period - Slapshot by Andy Rogers.
17:00 of 2nd period - Stopped by Peter Delmas with a rebound.
17:38 of 2nd period - Off-side.
17:39 of 2nd period - James Wright wins face-off versus Corban Knight in neutral zone.
17:42 of 2nd period - Snap shot by Garnet Exelby.
17:42 of 2nd period - Stopped by Chad Johnson with a rebound.
17:58 of 2nd period - Slapshot by Spencer Machacek.
17:58 of 2nd period - Shot Misses the Net.
18:00 of 2nd period - Slapshot by Karl Alzner.
18:00 of 2nd period - Deflect By Alex Hutchings.
18:00 of 2nd period - Shot Blocked by Zbynek Michalek.
18:00 of 2nd period - Puck is out of play.
18:01 of 2nd period - Brandon Dubinsky wins face-off versus Zack Hamill in Knights zone.
18:01 of 2nd period - Brandon Dubinsky is hit by Nicklas Grossman.
18:31 of 2nd period - Alex Chiasson is hit by Bobby Butler and loses puck.
18:48 of 2nd period - Snap shot by Jordan LaVallee.
18:48 of 2nd period - Stopped by Peter Delmas with a rebound.
19:30 of 2nd period - Snap shot by A.J. Jenks.
19:30 of 2nd period - Shot Blocked by Brandon Dubinsky.
Goals for this period are 1 for Demolitions vs 2 for Knights.
Shots for this period are 11 for Demolitions vs 9 for Knights.
3rd period
0:01 of 3rd period - Brandon Dubinsky wins face-off versus Zack Hamill in neutral zone.
0:07 of 3rd period - Andy Rogers is hit by Zbynek Michalek.
0:27 of 3rd period - T.J. Hensick is hit by Zbynek Michalek and loses puck.
1:23 of 3rd period - Colton Gillies is hit by Alex Hutchings and loses puck.
1:55 of 3rd period - Anton Babchuk is hit by Colton Gillies and loses puck.
2:20 of 3rd period - Wrist shot by Spencer Machacek.
2:20 of 3rd period - Shot Misses the Net.
2:26 of 3rd period - Aaron Palushaj is hit by Corban Knight and loses puck.
2:27 of 3rd period - Aaron Palushaj from Knights is injured at 2:27 of 3rd period (Left Leg).
2:28 of 3rd period - Zack Hamill wins face-off versus Brandon Dubinsky in Knights zone.
3:00 of 3rd period - Snap shot by Danny Irmen.
3:00 of 3rd period - Shot Misses the Net.
3:04 of 3rd period - Wrist shot by Danny Irmen.
3:04 of 3rd period - Shot Blocked by Andy Rogers.
3:18 of 3rd period - Backhand shot by James Wright.
3:18 of 3rd period - Stopped by Chad Johnson with a rebound.
3:58 of 3rd period - Alex Chiasson is hit by Brandon Dubinsky and loses puck.
4:41 of 3rd period - Slapshot by Kyle Cumiskey.
4:41 of 3rd period - Stopped by Peter Delmas with a rebound.
4:43 of 3rd period - Snap shot by Andy Rogers.
4:43 of 3rd period - Stopped by Peter Delmas with a rebound.
4:45 of 3rd period - Wrist shot by Jordan LaVallee.
4:45 of 3rd period - Shot Blocked by Zack Hamill.
4:47 of 3rd period - Slapshot by Andy Rogers.
4:47 of 3rd period - Deflect By Jordan LaVallee.
4:47 of 3rd period - Goal by Jordan LaVallee - Demolitions : 6 - Knights : 4.
4:48 of 3rd period - Zack Hamill wins face-off versus Brandon Dubinsky in neutral zone.
5:38 of 3rd period - Slapshot by Nikita Nikitin.
5:38 of 3rd period - Stopped by Chad Johnson without a rebound.
5:39 of 3rd period - Brandon Dubinsky wins face-off versus Kyle Greentree in Demolitions zone.
5:51 of 3rd period - Snap shot by Daniel Paille.
5:51 of 3rd period - Stopped by Peter Delmas with a rebound.
6:17 of 3rd period - Snap shot by Zack Hamill.
6:17 of 3rd period - Shot Blocked by Jordan LaVallee.
7:44 of 3rd period - Colton Gillies is hit by Daniel Paille and loses puck.
7:49 of 3rd period - Wrist shot by Brandon Dubinsky.
7:49 of 3rd period - Shot Blocked by Chris Thorburn.
7:51 of 3rd period - Snap shot by Brandon Dubinsky.
7:51 of 3rd period - Shot Misses the Net.
7:53 of 3rd period - Slapshot by Brandon Dubinsky.
7:53 of 3rd period - Shot Misses the Net.
8:11 of 3rd period - Slapshot by Jordan LaVallee.
8:11 of 3rd period - Deflect By Darren Helm.
8:11 of 3rd period - Shot Blocked by Kyle Greentree.
8:11 of 3rd period - Puck is out of play.
8:12 of 3rd period - Cody Almond wins face-off versus Jordan LaVallee in Knights zone.
8:12 of 3rd period - Cody Almond is hit by Konstantin Pushkarev.
8:24 of 3rd period - Wrist shot by Cody Almond.
8:24 of 3rd period - Shot Misses the Net.
8:53 of 3rd period - Bobby Butler is hit by Colton Gillies and loses puck.
9:24 of 3rd period - A.J. Jenks is hit by Anton Babchuk and loses puck.
11:10 of 3rd period - Marco Scandella is hit by Brad Richardson and loses puck.
11:19 of 3rd period - T.J. Hensick is hit by Colton Gillies and loses puck.
12:12 of 3rd period - Nicklas Grossman is hit by Darren Helm and loses puck.
12:45 of 3rd period - Minor Penalty to Brandon Dubinsky for Hooking.
12:46 of 3rd period - Zack Hamill wins face-off versus Konstantin Pushkarev in Demolitions zone.
12:53 of 3rd period - Snap shot by Chris Thorburn.
12:53 of 3rd period - Shot Misses the Net.
13:09 of 3rd period - Alex Chiasson is hit by Karl Alzner and loses puck.
13:36 of 3rd period - Andy Rogers is hit by Danny Irmen.
14:45 of 3rd period - Penalty to Brandon Dubinsky is over, Brandon Dubinsky is back on ice.
15:20 of 3rd period - Daniel Paille is hit by Alex Chiasson.
15:42 of 3rd period - Colton Gillies is hit by Bobby Butler and loses puck.
17:03 of 3rd period - Bobby Butler is hit by Chris Thorburn and loses puck.
18:02 of 3rd period - James Wright is hit by Konstantin Pushkarev.
19:02 of 3rd period - Snap shot by Zack Hamill.
19:02 of 3rd period - Stopped by Chad Johnson with a rebound.
19:18 of 3rd period - Nicklas Grossman is hit by Jordan LaVallee and loses puck.
Goals for this period are 1 for Demolitions vs 0 for Knights.
Shots for this period are 4 for Demolitions vs 3 for Knights.
Output by the SimonT Hockey Simulator (STHS) for François Prévost -- Original Page W3C XHTML 1.0 Valid